 Dungeon Crawl Stone Soup version 0.27-a0-291-gd9602db6ee (webtiles) character file.

Game seed: 15683269498612131705

35 KristoblXynda the Skirmisher (level 3, -1/29 HPs)
             Began as a Demonspawn Monk on Feb 9, 2021.
             Slain by a hobgoblin (3 damage)
             ... on level 2 of the Dungeon.
             The game lasted 00:01:30 (1818 turns).

KristoblXynda the Skirmisher (Demonspawn Monk)      Turns: 1818, Time: 00:01:31

Health: -1/29      AC:  6    Str: 12    XL:     3   Next: 16%
Magic:  3/3        EV: 11    Int: 13    God:
Gold:   76         SH:  0    Dex: 13    Spells: 2/2 levels left

rFire    . . .     SeeInvis .     - Unarmed
rCold    . . .     Faith    .   (no shield)
rNeg     . . .     Spirit   .   b - +0 ring mail
rPois    .         Reflect  .   (helmet restricted)
rElec    .         Harm     .   (no cloak)
rCorr    .         Rampage  .   g - +0 pair of gloves
Will     .....                  (no boots)
Stlth    +.........             (no amulet)
HPRegen  0.09/turn              (no ring)
MPRegen  0.08/turn              (no ring)

@: no status effects
A: antennae 1, clever 1, clumsy 1
a: no special abilities


You were on level 2 of the Dungeon.
You visited 1 branch of the dungeon, and saw 2 of its levels.

You collected 76 gold pieces.

Inventory:

Armour
 b - a +0 ring mail (worn)
 g - a +0 pair of gloves (worn)
Scrolls
 a - 2 scrolls of remove curse
Potions
 e - a potion of flight
 h - a potion of invisibility {unknown}


   Skills:
 + Level 3.4 Fighting
 + Level 1.0 Armour
 + Level 3.0 Dodging
 - Level 1.7 Stealth
 + Level 3.0 Unarmed Combat


You had 2 spell levels left.
You didn't know any spells.
Your spell library was empty.

Dungeon Overview and Level Annotations

Branches:
Dungeon (2/15)

Altars:

Annotations:
D:2 Sigmund


Innate Abilities, Weirdness & Mutations

You have a pair of small antennae on your head.
Your mind is acute. (Int +2)
You are clumsy. (Dex -2)


Message History

e - a potion of flight It was a potion of mutation.
You feel extremely strange.
You feel clumsy.
You feel clever. Something hits you but does no damage.
Unknown command.
Something hits you!
* * * LOW HITPOINT WARNING * * *
As you read the scroll labelled OHUOMI GA NOKH, it crumbles to dust.
You feel aware of your surroundings.
It was a scroll of magic mapping.
Unknown command.
As you read the scroll labelled QOQIV UCIOSE, it crumbles to dust.
You feel strangely unstable.
It was a scroll of teleportation.
Something hits you.
* * * LOW HITPOINT WARNING * * *
Your surroundings suddenly seem different.
Unknown command.
A hobgoblin comes into view.
The hobgoblin shouts!
You barely miss the hobgoblin. The hobgoblin hits you.
You die...

*,* *,* ######## *,* *,* .......#
*******,* *,* ######(# *,,,,,,,*
*,* #.# *,******* *,* #.# #,* #.#
######## #.# #.* #.# #....... ##
#(# #.#########.# #.###### .# #.#
#....@g.....# #.# .# #.#
####..######.# #.#
.#####.####.##..# ####.# #.#####
...(.........#..###....###.....##
#########.......................#
#.......(......#######.>#
###.##..####.### *,.# #.##..# #.#
*,,# #.##.†# #.# *,,,


You could see a hobgoblin.

Vanquished Creatures
  2 adders (D:2)
  A ball python (D:2)
  A bat (D:1)
  2 goblins
  4 jackals (D:1)
  2 kobolds (D:2)
  2 frilled lizards (D:2)
  2 rats
16 creatures vanquished.

Notes
Turn   | Place    | Note
-------+----------+-------------------------------------------
     0 | D:1      | KristoblXynda the Demonspawn Monk began the quest for the
                  | Orb.
     0 | D:1      | Reached XP level 1. HP: 18/18 MP: 1/1
   690 | D:1      | Gained mutation: You have a pair of small antennae on your
                  | head. [demonic ancestry]
   690 | D:1      | Reached XP level 2. HP: 23/24 MP: 2/2
  1582 | D:2      | Reached skill level 1 in Armour
  1582 | D:2      | Reached XP level 3. HP: 26/29 MP: 3/3
  1794 | D:2      | Noticed Sigmund
  1806 | D:2      | Gained mutation: You are clumsy. (Dex -2) [potion of
                  | mutation]
  1806 | D:2      | Gained mutation: Your mind is acute. (Int +2) [potion of
                  | mutation]
  1818 | D:2      | Slain by a hobgoblin

Illustrated notes

Levels and vault maps discovered:
D:1:      sevenhm_arrival_forest_fort_large_4, layout_basic, serial_rivers,
          chequers_serial_rivers_large_a, chequers_serial_rivers_micro_c,
          chequers_serial_rivers_small_a, chequers_serial_rivers_micro_e,
          chequers_serial_rivers_micro_b
D:2:      layout_loops_ring, minmay_indecisive_spiral, uniq_sigmund, uniq_robin

Skill      XL: |  1  2 |
---------------+-------+-----
Armour         | 1 |  1.0
Dodging        | 3 |  3.0
Unarmed Combat | 3 |  3.0
Fighting       | |  3.4
Stealth        | |  1.7

Action                   || total
-------------------------++-------
Melee: Unarmed           ||   100
       Punch             ||     1
  Use: Scroll            ||     4
       Potion            ||     1
Armor: Ring mail         ||    49
Dodge: Dodged            ||    80

Table legend: (Time is in decaauts)
 A = Elapsed time spent in this place.
 B = Non-inter-level travel time spent in this place.
 C = Inter-level travel time spent in this place.
 D = Time resting spent in this place.
 E = Time spent auto-exploring this place.
 F = Levels seen in this place.
 G = Mean time per level.
                   A        B        C        D        E       F      G
               +--------+--------+--------+--------+--------+-----+--------+
         Total |   1832 |   1780 |     52 |    296 |   1247 |   2 |  916.0 |
       Dungeon |   1832 |   1780 |     52 |    296 |   1247 |   2 |  916.0 |
               +--------+--------+--------+--------+--------+-----+--------+

Top non-repeatable levels by time:
     D:1: 1349 daAuts
     D:2: 483 daAuts
